 Seeded DCSS version 0.30-a0-900-g23479c02f2 (webtiles) character file.

Game seed: 7547814903460644772 (custom seed)

28 hikkokomori the Ducker (level 3, -2/28 HPs)
             Began as a Merfolk Gladiator on Mar 18, 2023.
             Slain by a goblin
             ... wielding a +0 club
              (4 damage)
             ... on level 2 of the Dungeon.
             The game lasted 00:00:58 (464 turns).

hikkokomori the Ducker (Merfolk Gladiator)           Turns: 464, Time: 00:00:59

Health: -2/28      AC:  4    Str: 14    XL:     3   Next: 14%
Magic:  3/3        EV: 13    Int:  7    God:
Gold:   30         SH:  0    Dex: 17    Spells: 2/2 levels left

rFire   . . .      SeeInvis .    k - +4 dagger
rCold   . . .      Faith    .    (no shield)
rNeg    . . .      Spirit   .    b - +0 leather armour
rPois   .          Reflect  .    c - +0 helmet
rElec   .          Rampage  .    (no cloak)
rCorr   .                        (no gloves)
Will    .....                    (no boots)
Stlth   ++                       (no amulet)
HPRegen 0.24/turn                (no ring)
MPRegen 0.08/turn                (no ring)

@: no status effects
A: (nimble swimmer 2), mertail
a: no special abilities


You were on level 2 of the Dungeon.
You visited 1 branch of the dungeon, and saw 2 of its levels.

You collected 30 gold pieces.

Inventory:

Hand Weapons
 a - a +0 long sword
 k - a +4 dagger (weapon)
Missiles
 d - 3 throwing nets (quivered)
 e - a javelin
Armour
 b - a +0 leather armour (worn)
 c - a +0 helmet (worn)
Scrolls
 f - a scroll of identify {unknown}
 i - a scroll of magic mapping {unknown}
 l - a scroll of enchant weapon {unknown}
Potions
 g - a potion of haste {unknown}
 h - a potion of cancellation {unknown}
 j - 2 potions of experience {unknown}


   Skills:
 + Level 2.8 Fighting
 + Level 0.9(2.6) Short Blades
 - Level 4.0 Long Blades
 - Level 2.0 Throwing
 - Level 4.0 Dodging
 + Level 1.7 Stealth


You had 2 spell levels left.
You didn't know any spells.
Your spell library was empty.

Dungeon Overview and Level Annotations

Branches:
Dungeon (2/15)

Altars:


Innate Abilities, Weirdness & Mutations

((You are very nimble when in or above water. (Stealth+, EV+, Speed+++)))
Your lower body shifts to a powerful aquatic tail in water.


Message History

You feel sick.
Jessica casts a spell.
Jessica blinks!
The goblin barely misses you.
The hobgoblin hits you but does no damage.
You closely miss the hobgoblin.
The hobgoblin is heavily wounded.
You feel sick. The goblin hits you but does no damage.
The hobgoblin closely misses you.
You closely miss the hobgoblin.
The hobgoblin is heavily wounded.
You feel sick.
You are no longer poisoned.
The goblin hits you with a +0 club. The hobgoblin barely misses you.
You hit the hobgoblin.
You kill the hobgoblin!
The goblin hits you but does no damage.
You hit Jessica.
Jessica is lightly wounded.
You hit Jessica.
Jessica is moderately wounded.
The goblin hits you but does no damage. Jessica barely misses you.
You hit Jessica.
Jessica is heavily wounded.
The goblin barely misses you. Jessica hits you with a +0 club.
You hit Jessica but do no damage.
Jessica is heavily wounded.
The goblin closely misses you. Jessica hits you with a +0 club.
You hit Jessica.
Jessica is severely wounded.
Jessica gestures at you while chanting. Pain shoots through your body!
* * * LOW HITPOINT WARNING * * *
The goblin misses you.
You hit Jessica.
Jessica is almost dead.
The goblin misses you. Jessica barely misses you.
You hit Jessica.
You kill Jessica!
The goblin hits you with a +0 club.
You die...

# #. # #
#.##.####.#.###
.$......#......
#....)......
#@# ..
#.####g#.#.##.
#.....w.......
............###
#######.#.###
#.#.# #.#.# #.#
# #.#


You could see a worm and a goblin.

Vanquished Creatures
  Jessica (D:2)
  An adder (D:2)
  A ball python (D:1)
  3 bats (D:1)
  An endoplasm (D:1)
  4 hobgoblins
  A frilled lizard (D:1)
  3 goblins (D:1)
  2 kobolds (D:1)
  2 rats (D:1)
19 creatures vanquished.

Notes
Turn   | Place    | Note
-------+----------+-------------------------------------------
     0 | D:1      | hikkokomori the Merfolk Gladiator began the quest for the
                  | Orb.
     0 | D:1      | Reached XP level 1. HP: 16/16 MP: 1/1
    37 | D:1      | Found a faded altar of an unknown god.
    92 | D:1      | Reached XP level 2. HP: 22/23 MP: 2/2
   125 | D:1      | Reached skill level 1 in Stealth
   449 | D:2      | Noticed Jessica
   454 | D:2      | Reached XP level 3. HP: 21/28 MP: 3/3
   462 | D:2      | HP: 1/28 [Jessica/nerve-wracking pain (13)]
   464 | D:2      | Killed Jessica
   464 | D:2      | Slain by a goblin

Illustrated notes

Levels and vault maps discovered:
D:1:      lordsloth_arrival_two_stooges, layout_basic,
          chequers_ecumenical_altar_simple
D:2:      layout_loops_ring, uniq_jessica

Skill      XL: |  1  2 |
---------------+-------+-----
Stealth        | 1 |  1.7
Long Blades    | 4 |  4.0
Fighting       | |  2.8
Short Blades   | |  0.9
Throwing       | |  2.0
Dodging        | |  4.0

Action                     || total
---------------------------++-------
  Melee: Long sword        ||    27
         Dagger            ||    24
   Stab: Sleeping          ||     1
 Armour: Leather armour    ||    13
  Dodge: Dodged            ||    43

Table legend: (Time is in decaauts)
 A = Elapsed time spent in this place.
 B = Non-inter-level travel time spent in this place.
 C = Inter-level travel time spent in this place.
 D = Time resting spent in this place.
 E = Time spent auto-exploring this place.
 F = Levels seen in this place.
 G = Mean time per level.
                   A        B        C        D        E       F      G
               +--------+--------+--------+--------+--------+-----+--------+
         Total |    465 |    432 |     33 |      0 |    321 |   2 |  232.5 |
       Dungeon |    465 |    432 |     33 |      0 |    321 |   2 |  232.5 |
               +--------+--------+--------+--------+--------+-----+--------+

Top non-repeatable levels by time:
     D:1: 450 daAuts
     D:2: 15 daAuts
